Map: 얼어붙은 사원

Players

Scarlett - Winner!

  • Race: Zerg Zerg
  • League: Diamond

iGiA (iAsonu)

  • Race: Zerg Zerg
  • League: Master

VOD

Have the link to the VOD?

Description

Time

  • Played on: April 14, 2016, 12:33 a.m.
  • Length: 9:51
Show
View Real Time Build Order
Export as new Build Order

Scarlett Zerg - Winner!

Build Orders: Pool First 

Get SALT Encoding   

  12  0:00  Drone  
  13  0:08  Drone  
  14  0:17  Overlord  
  14  0:23  Extractor  
  14  0:24  Drone  
  15  0:36  Drone x2  
  17  0:43  Spawning Pool  
  17  0:49  Drone  
  17  0:55  Drone  
  17  0:56  Extractor  
  17  1:06  Drone  
  18  1:16  Hatchery  
  17  1:21  Drone  
  18  1:28  Drone  
  19  1:33  Queen  
  19  1:38  Zergling x2  
  22  1:47  Overlord  
  22  1:57  Metabolic Boost  
  22  2:07  Drone  
  22  2:08  Evolution Chamber  
  22  2:09  Queen  
  24  2:16  Drone  
  25  2:28  Queen  
  25  2:29  Drone x2  
  29  2:36  Zerg Melee Weapons Level 1  
  29  2:41  Drone  
  29  2:42  Drone  
  31  2:46  Drone  
  31  2:48  Drone  
  33  2:53  Zergling x2  
  33  2:54  Zergling x2  
  35  2:59  Spine Crawler  
  35  3:05  Drone  
  35  3:19  Zergling x2  
  36  3:26  Overlord  
  35  3:31  Baneling Nest  
  34  3:34  Spine Crawler  
  34  3:36  Queen  
  34  3:37  Overlord  
  35  3:50  Lair  
  36  3:55  Drone  
  36  3:56  Drone x3  
  36  4:01  Extractor  
  39  4:11  Drone x5  
  39  4:14  Baneling x2  
  44  4:20  Drone x2  
  46  4:33  Extractor  
  46  4:36  Zergling x2  
  46  4:37  Zergling x6  
  48  4:50  Spire  
  48  4:51  Drone x4  
  51  4:57  Drone  
  51  4:58  Overlord x2, Extractor  
  52  5:00  Drone  
  52  5:09  Overseer  
  52  5:17  Drone  
  52  5:19  Zerg Melee Weapons Level 2  
  52  5:20  Drone x3  
  52  5:21  Drone  
  57  5:23  Spine Crawler  
  56  5:30  Spine Crawler  
  56  5:34  Spine Crawler x2  
  53  5:36  Spine Crawler  
  53  5:39  Spine Crawler  
  51  5:43  Baneling  
  51  5:44  Baneling  
  51  5:46  Spine Crawler  
  51  5:47  Baneling  
  51  5:48  Baneling x2  
  50  5:52  Zergling x4  
  52  6:01  Spine Crawler  
  52  6:04  Mutalisk x2  
  52  6:16  Mutalisk  
  49  6:21  Mutalisk  
  49  6:22  Zergling x2  
  49  6:23  Zergling x6  
  55  6:27  Zergling x2  
  55  6:38  Queen  
  55  6:39  Queen  
  58  6:42  Mutalisk  
  58  6:43  Zergling x4  
  55  6:58  Mutalisk  
  55  6:59  Zergling x4  
  57  7:09  Zergling x4  
  55  7:17  Queen x2  
  57  7:28  Drone x6  
  63  7:35  Baneling x2  
  63  7:41  Overlord  
  63  7:44  Zerg Ground Armor Level 1  
  63  7:45  Drone x2  
  65  7:52  Zergling x4  
  67  8:00  Mutalisk x2  
  67  8:01  Overlord  
  67  8:02  Drone x2  
  73  8:12  Overlord  
  73  8:13  Drone x2  
  75  8:24  Hatchery  
  74  8:41  Drone x8  
  76  8:45  Hydralisk Den  
  81  8:53  Mutalisk  
  83  9:00  Zergling x6  
  86  9:06  Zergling x2  
  86  9:09  Drone  
  89  9:10  Drone x2  
  89  9:13  Zergling x2  
  89  9:15  Extractor  
  89  9:16  Extractor  
  89  9:19  Zergling x6  
  91  9:28  Overlord  
  91  9:29  Overlord x2  
Show
View Real Time Build Order
Export as new Build Order

iGiA Zerg 

Build Orders: Hatch First 

Get SALT Encoding   

  12  0:01  Drone  
  13  0:13  Overlord  
  13  0:17  Drone  
  14  0:32  Drone x2  
  16  0:35  Drone  
  17  0:55  Hatchery  
  16  0:57  Drone  
  16  0:58  Drone  
  16  1:02  Extractor  
  17  1:14  Spawning Pool  
  17  1:17  Drone  
  17  1:20  Drone  
  18  1:29  Drone  
  19  1:42  Overlord  
  19  1:51  Drone  
  20  2:00  Queen  
  22  2:01  Zergling x2  
  22  2:03  Metabolic Boost  
  22  2:07  Queen  
  25  2:13  Spine Crawler  
  24  2:16  Zergling x2  
  24  2:22  Drone x2  
  28  2:24  Baneling Nest  
  28  2:29  Overlord  
  27  2:35  Zergling x2  
  28  2:43  Drone  
  29  2:47  Overlord  
  29  2:50  Zergling x4  
  31  2:58  Zergling x2  
  32  3:05  Zergling x4  
  34  3:07  Baneling  
  34  3:08  Baneling x2  
  34  3:09  Overlord  
  34  3:24  Drone x2  
  34  3:25  Drone x2  
  34  3:26  Drone  
  38  3:27  Drone  
  38  3:29  Drone  
  40  3:35  Drone  
  41  3:43  Drone  
  41  3:46  Drone x2  
  41  3:47  Drone  
  44  3:50  Drone  
  45  3:56  Drone  
  46  4:02  Hatchery  
  46  4:04  Extractor  
  46  4:07  Roach Warren  
  43  4:10  Drone  
  43  4:12  Drone  
  43  4:14  Drone x2  
  47  4:18  Overlord  
  47  4:20  Drone  
  48  4:25  Drone  
  48  4:28  Overlord  
  49  4:43  Overlord  
  48  4:49  Roach x5  
  58  4:55  Overlord  
  58  5:00  Overlord  
  58  5:03  Roach x4  
  66  5:10  Overlord  
  66  5:14  Overlord  
  66  5:15  Roach x2  
  66  5:17  Roach  
  72  5:22  Roach x3  
  72  5:26  Queen  
  72  5:27  Zergling x2  
  81  5:31  Zergling x2  
  81  5:32  Zergling x4  
  84  5:38  Zergling x6  
  84  5:41  Baneling  
  84  5:42  Baneling x6  
  87  5:43  Baneling  
  87  5:44  Baneling  
  87  5:48  Baneling x2  
  87  5:50  Zergling x4  
  89  6:00  Zergling x6  
  89  6:01  Zergling x6  
  89  6:02  Ravager  
  91  6:16  Zergling x4  
  85  6:19  Zergling x2  
  85  6:21  Zergling x8  
  85  6:23  Zergling x2  
  74  6:26  Zergling x2  
  74  6:29  Zergling x8  
  74  6:32  Baneling  
  76  6:33  Baneling x3  
  76  6:36  Zergling x2  
  76  6:39  Zergling x2  
  75  6:40  Zergling x2  
  71  6:50  Zergling x6  
  65  6:54  Zergling x10  
  65  6:56  Zergling x2  
  65  7:01  Queen x2  
  58  7:26  Queen  
  58  7:29  Overlord  
  60  7:35  Drone x2  
  60  7:36  Drone x3  
  65  7:38  Spore Crawler  
  64  7:44  Lair, Spore Crawler  
  64  7:45  Overlord  
  64  7:48  Spore Crawler x2, Queen  
  64  7:50  Spore Crawler  
  62  7:52  Spore Crawler, Drone x5  
  62  7:54  Spore Crawler  
  62  7:57  Evolution Chamber  
  64  7:59  Drone x2  
  64  8:01  Drone  
  64  8:05  Drone  
  68  8:10  Overlord  
  68  8:11  Drone x3  
  71  8:13  Baneling x4  
  71  8:16  Baneling x3  
  71  8:17  Baneling  
  71  8:19  Zergling x2  
  71  8:26  Extractor  
  70  8:27  Extractor  
  70  8:30  Extractor x2  
  70  8:32  Drone  
  63  8:41  Drone x6  
  63  8:42  Drone  
  63  8:44  Drone  
  63  8:48  Drone x2  
  73  8:49  Drone  
  74  9:00  Spire  
  73  9:09  Overlord  
  73  9:10  Overlord  
  73  9:20  Baneling x2  
Tags
 
Add a new tag
Caveats
  • Supply blocks, unpowered buildings, or Contaminate may cause inaccurate times.
  • Supply counts are checked every 10 seconds.